 Dungeon Crawl Stone Soup version 0.18.1-48-g4cf74bf (webtiles) character file.

44 Monsterface the Digger (level 3, -9/24 HPs)
             Began as a Formicid Earth Elementalist on Aug 31, 2016.
             Mangled by a gnoll
             ... wielding a +2 halberd of chopping
              (13 damage)
             ... on level 3 of the Dungeon.
             The game lasted 00:12:22 (1259 turns).

Monsterface the Digger (FoEE)                       Turns: 1259, Time: 00:12:23

Health: -9/24      AC:  2    Str: 12    XL:     3   Next: 85%
Magic:  1/7        EV: 12    Int: 14    God:
Gold:   106        SH:  0    Dex: 12    Spells: 3 memorised, 1 level left

rFire  . . .     SeeInvis +     k - +0 spear
rCold  . . .     Gourm    .     a - +0 robe
rNeg   . . .     Faith    .     (no shield)
rPois  .         Spirit   .     (helmet unavailable)
rElec  .         Dismiss  .     (no cloak)
rCorr  .         Reflect  .     (no gloves)
SustAt .         Harm     .     (no boots)
MR     .....                    (no amulet)
Stlth  ++........               (no ring)
                                (no ring)

@: very slightly contaminated, not resistant to hostile enchantments, unstealthy
A: permanent stasis, dig shafts and tunnels, four strong arms, antennae 3
a: Dig, Shaft Self


You were on level 3 of the Dungeon.
You were not hungry.

You visited 1 branch of the dungeon, and saw 3 of its levels.

You collected 106 gold pieces.

Inventory:

Hand Weapons
 h - a +0 mace
 k - a +0 spear (weapon)
Missiles
 b - 20 stones (quivered)
 j - 2 needles of sleeping
Armour
 a - a +0 robe (worn)
 g - a +0 robe
Scrolls
 e - a scroll of identify
 l - a scroll of remove curse
Books
 c - a book of Geomancy

   Spells                             Type                      Level
   a - Sandblast                      Earth                        1
   b - Passwall                       Transmutation/Earth          2
   c - Stone Arrow                    Conjuration/Earth            3
   d - Petrify                        Transmutation/Earth          4
   e - Lee's Rapid Deconstruction     Earth                        5
Comestibles
 f - 3 fruits
 n - a meat ration


   Skills:
 + Level 0.2 Fighting
 + Level 2.2 Dodging
 + Level 2.8 Stealth
 + Level 2.7 Spellcasting
 + Level 1.1 Transmutations
 + Level 4.3 Earth Magic


You had one spell level left.
You knew the following spells:

 Your Spells              Type           Power        Failure   Level  Hunger
a - Sandblast             Erth           ##....       3%          1    #......
b - Passwall              Trmt/Erth      #.........   14%         2    ###....
c - Stone Arrow           Conj/Erth      #.....       30%         3    ###....


Dungeon Overview and Level Annotations

Branches:
Dungeon (3/15)

Altars:


Innate Abilities, Weirdness & Mutations

You are under a permanent stasis effect.
You can dig through walls and to a lower floor.
Your four strong arms can wield two-handed weapons with a shield.
You have a pair of large antennae on your head (SInv).


Message History

Aim: a gnoll, wielding a halberd of chopping You miscast Stone Arrow.
You are very lightly contaminated with residual magic.
Nothing appears to happen.
The gnoll barely misses you. x2
The gnoll hits you from afar with a spear of pain.
* * * LOW HITPOINT WARNING * * *
You writhe in agony.
* * * LOW HITPOINT WARNING * * *
The gnoll throws a throwing net.
The throwing net closely misses you. The gnoll hits you but does no damage.
You see here a throwing net.
Casting: Stone Arrow
Confirm with . or Enter, or press ? or * to list all spells.
Aiming: Stone Arrow
Press: ? - help, Shift-Dir - straight line, f/p - gnoll
Aim: a gnoll, wielding a halberd of chopping You miscast Stone Arrow.
You feel a strange surge of energy!
The gnoll hits you from afar with a halberd of chopping!
Ouch! That really hurt!
You die...

#....r.r...r......#
#.....#####.......#
##...!.#<##.####.##
#.#...#.##.# .#
###.#...#..... #
#.............##
###.##......!..
..#######.##..####.####.
...........g.gg.@.......
.########.##..g########.
...###(.# ........{.g..#
#...(........#.#
............#.#.. {
#.......##.#...#..
#.........#.....# .... .
.≈≈≈.#


You could see 4 gnolls.

Vanquished Creatures
  An adder (D:2)
  4 giant geckos
  3 bats
  3 goblins (D:1)
  2 hobgoblins
  2 jackals (D:2)
  2 ball pythons
  2 giant newts
  5 kobolds
  4 rats
28 creatures vanquished.

Notes
Turn   | Place    | Note
--------------------------------------------------------------
     0 | D:1      | Monsterface the Formicid Earth Elementalist began the quest for the Orb.
     0 | D:1      | Reached XP level 1. HP: 13/13 MP: 3/3
   124 | D:1      | Reached XP level 2. HP: 19/19 MP: 3/5
   348 | D:1      | Reached skill level 4 in Earth Magic
   731 | D:2      | Reached XP level 3. HP: 16/24 MP: 2/6
   748 | D:2      | Learned a level 2 spell: Passwall
   756 | D:2      | Learned a level 3 spell: Stone Arrow
  1248 | D:3      | HP: 1/24 [gnoll/spear (4)]
  1259 | D:3      | Mangled by a gnoll

Skill      XL: |  1  2 |
---------------+-------+-----
Earth Magic    | 4 |  4.3
Dodging        | 2 |  2.2
Fighting       | |  0.2
Stealth        | |  2.8
Spellcasting   | |  2.7
Transmutations | |  1.1

Action                   || total
-------------------------++-------
Melee: Mace              ||    28
       Spear             ||    38
 Cast: Sandblast         ||    29
       Stone Arrow       ||     2
  Use: Scroll            ||     4
       Potion            ||     4
 Stab: Sleeping          ||     3
  Eat: Bread ration      ||     1
Armor: Robe              ||    24
Dodge: Dodged            ||    92
